AoeStats
← Moul_Thon

Arena

509519487Analyzed
3v3 RM · 6d ago on Sep 27, 2026· 36m 17s· 6 players
Game mode
Random Map
Map size
Normal (6 player)
Population
200
Speed
Normal
Resources
Standard
Victory
Conquest
Starting age
Dark Age
Ending age
Imperial Age
RankedLock teamsTeams togetherTeam positionsShared explorationLock speedFull tech treeHidden civsTurbo modeCheats
Victory
Defeat
🇲🇦 Celts · Morocco
1305
+11
🇲🇦 Spanish · Morocco
1268
+12
🇲🇦 Celts · Morocco
1222
+13
🇨🇴 Bohemians · Colombia
1206
-13
🇲🇽 Persians · Mexico
1185
-12
🇲🇽 Koreans · Mexico
1145
-11
ntm.KongDiablo
11:13 Feudal Age
14:44 Castle Age
13:35 Double-Bit Axe
13:56 Gold Mining
18:58 Town Watch
21:40 Bow Saw
22:03 Horse Collar
22:39 Gold Mining
23:21 Heavy Plow
23:23 Stone Mining
23:55 Fletching
26:21 Loom
26:55 Fletching
29:11 Bodkin Arrow
29:09 Crossbowman
31:00 Squires
30:59 Bodkin Arrow
36:45 Thumb Ring
NTM.W.ALARCON
6:52 Loom
10:31 Feudal Age
9:34 Loom
14:45 Castle Age
12:58 Double-Bit Axe
14:12 Loom
15:20 Wheelbarrow
14:46 Horse Collar
16:46 Fervor
17:05 Fletching
21:30 Sanctity
22:22 Town Watch
32:51 Padded Archer Armor
36:53 Chemistry
36:30 Bodkin Arrow
NTM.Barce
9:59 Feudal Age
13:44 Castle Age
11:54 Horse Collar
12:11 Double-Bit Axe
16:29 Wheelbarrow
17:50 Loom
21:06 Bow Saw
21:22 Town Watch
22:28 Heavy Plow
23:42 Fletching
23:52 Padded Archer Armor
25:04 Hand Cart
25:54 Bodkin Arrow
26:06 Elite Skirmisher
30:36 Imperial Age
29:29 Gold Mining
29:46 Scale Barding Armor
29:52 Forging
30:17 Kamandaran
30:35 Leather Archer Armor
29:43 Crossbowman
30:52 Ballistics
31:58 Chemistry
31:26 Conscription
31:54 Chain Barding Armor
32:10 Iron Casting
31:48 Thumb Ring
33:49 Two-Man Saw
33:25 Gold Shaft Mining
34:48 Ring Archer Armor
34:20 Murder Holes
34:56 Masonry
34:58 Citadels
36:28 Hoardings
Moul_3asirLimoune
9:12 Feudal Age
14:54 Castle Age
13:34 Double-Bit Axe
14:01 Horse Collar
16:58 Bow Saw
18:32 Padded Archer Armor
23:01 Gold Mining
24:58 Wheelbarrow
28:47 Heavy Plow
34:22 Imperial Age
32:13 Stone Mining
32:20 Town Watch
32:21 Loom
35:24 Leather Archer Armor
36:29 Stone Shaft Mining
36:56 Two-Man Saw
36:13 Hand Cart
Moul_Thon
11:31 Feudal Age
13:14 Double-Bit Axe
13:12 Horse Collar
15:54 Castle Age
16:36 Wheelbarrow
16:59 Bow Saw
22:05 Heavy Plow
23:32 Gold Mining
25:30 Gold Shaft Mining
28:24 Imperial Age
26:30 Hand Cart
26:21 Scale Mail Armor
27:00 Town Watch
27:34 Chain Mail Armor
27:30 Forging
27:24 Pikeman
27:50 Gambesons
27:52 Arson
29:39 Plate Mail Armor
28:34 Halberdier
29:37 Conscription
29:59 Iron Casting
29:04 Capped Ram
30:50 Town Patrol
32:00 Fletching
33:11 Blast Furnace
32:23 Siege Ram
33:43 Furor Celtica
Sradi7
10:52 Feudal Age
16:20 Castle Age
15:07 Scale Mail Armor
19:24 Forging
20:00 Chain Mail Armor
23:25 Gold Mining
29:35 Wheelbarrow
28:46 Town Watch
31:59 Horse Collar
35:15 Hand Cart
39:12 Imperial Age
Connection lost

Rejoining the realm…

Still unreachable

The connection could not be restored.

Session expired

The server has moved on; the page needs a fresh start.